 Dungeon Crawl Stone Soup version 0.26-a0-651-gb41185065b (webtiles) character file.

Game seed: 10348289749497484381

433 Lanoc the Poker (level 7, -6/55 HPs)
             Began as a Merfolk Chaos Knight on Oct 9, 2020.
             Was an Initiate of Ru.
             Killed from afar by Ijyb (16 damage)
             ... with an iceblast
             ... on level 3 of the Dungeon on Oct 10, 2020.
             The game lasted 00:05:57 (3091 turns).

Lanoc the Poker (Merfolk Chaos Knight)              Turns: 3091, Time: 00:05:58

Health: -6/55      AC:  3    Str: 10 (13) XL:     7   Next: 0%
Magic:  7/7        EV: 13    Int: 11      God:    Ru [......]
Gold:   98         SH:  5    Dex: 13 (15) Spells: 6/6 levels left

rFire    . . .     SeeInvis .   a - +0 spear (chaos)
rCold    . . .     Faith    .   (no shield)
rNeg     . . .     Spirit   .   b - +2 leather armour
rPois    .         Reflect  +   (no helmet)
rElec    .         Harm     .   (no cloak)
rCorr    .         Rampage  .   (no gloves)
MR       .....                  (no boots)
Stlth    +.........             l - amulet of reflection
HPRegen  0.18/turn              (no ring)
MPRegen  0.10/turn              (no ring)

@: no status effects
A: change form in water, swift swim, stealthy swim, blurry vision 1, deformed
body, deterioration 2
a: Renounce Religion


You were on level 3 of the Dungeon.
You worshipped Ru.
Ru was noncommittal.
You visited 1 branch of the dungeon, and saw 3 of its levels.

You collected 98 gold pieces.

Inventory:

Hand Weapons
 a - a +0 spear of chaos (weapon)
Armour
 b - a +2 leather armour (worn)
Jewellery
 l - an amulet of reflection (around neck)
Scrolls
 c - 2 scrolls of remove curse {unknown}
 d - a scroll of identify {unknown}
 e - a scroll of noise {unknown}
 g - a scroll of magic mapping {unknown}
 h - a scroll of enchant armour {unknown}
 i - 2 scrolls of immolation {unknown}
Potions
 f - a potion of stabbing


   Skills:
 + Level 4.7 Fighting
 * Level 7.7 Polearms
 + Level 2.2 Armour
 + Level 4.7 Dodging


You had 6 spell levels left.
You didn't know any spells.
Your spell library contained the following spells:

 Spells                   Type           Power        Failure   Level
 Magic Dart               Conj           #...         43%         1
 Blink                    Tloc           N/A          56%         2
 Call Imp                 Summ           #.......     56%         2
 Slow                     Hex            #.......     56%         2
 Conjure Flame            Conj/Fire      #.......     80%         3
 Mephitic Cloud           Conj/Pois/Air  #.......     80%         3


Dungeon Overview and Level Annotations

Branches:
Dungeon (3/15)

Altars:
Dithmenos
Ru

Annotations:
D:3 Ijyb


Innate Abilities, Weirdness & Mutations

You revert to your normal form in water.
You are very nimble and swift while swimming.
You are very stealthy in the water. (Stealth+)
Scrolls take you a little longer to read.
Armour fits poorly on your strangely shaped body.
Your body often deteriorates upon taking damage.


Message History

You hit Ijyb.
Ijyb is moderately wounded.
The giant cockroach barely misses you. Ijyb hits you but does no damage.
You miss Ijyb.
Ijyb is moderately wounded.
You block the giant cockroach's attack. Ijyb completely misses you.
You closely miss Ijyb.
Ijyb is moderately wounded.
The giant cockroach bites you but does no damage.
You barely miss Ijyb.
Ijyb is moderately wounded.
Ijyb hits you with a +0 dagger.
* * * LOW HITPOINT WARNING * * *
The giant cockroach bites you but does no damage.
The giant cockroach misses you.
Ijyb zaps a wand.
The mass of ice explodes!
The iceblast engulfs the giant cockroach!!
The giant cockroach dies!
The iceblast engulfs you!
You die...

#.#.# #.#.# #.#.#
#############.#.##
#.....w....##.w..#
#.########.##.....
#.# ####...##...#
#.# #....w...†...
#@####.#....###†.#
#†##...#...#......
#.##.#####.......#
#.##...#...#.###.#
#.g.w..#...#.# .#
####.....###.# .#
>).#### .# ...# .#
.....


You could see Ijyb.

Vanquished Creatures
  Grinder (D:3)
  Natasha (D:3)
  Robin (D:2)
  6 adders
  6 gnolls
  An adder skeleton (D:3)
  3 worms (D:2)
  A leopard gecko (D:2)
  5 orcs (D:3)
  2 ball pythons (D:2)
  4 giant cockroaches
  6 hobgoblins
  3 jackals
  3 kobolds
  A quokka (D:2)
  5 bats
  2 frilled lizards
  10 goblins
  A rat (D:3)
62 creatures vanquished.

Vanquished Creatures (collateral kills)
  2 gnolls (D:2)
  A goblin (D:2)
  2 jackals (D:2)
5 creatures vanquished.

Vanquished Creatures (others)
  A giant cockroach (D:3)
1 creature vanquished.

Grand Total: 68 creatures vanquished

Notes
Turn   | Place    | Note
-------+----------+-------------------------------------------
     0 | D:1      | Lanoc the Merfolk Chaos Knight began the quest for the Orb.
     0 | D:1      | Reached XP level 1. HP: 18/18 MP: 1/1
    55 | D:2      | Noticed Robin
   183 | D:2      | Reached XP level 2. HP: 18/24 MP: 2/2
   247 | D:2      | XOM: noise
   252 | D:2      | Reached skill level 5 in Polearms
   252 | D:2      | Reached skill level 1 in Armour
   376 | D:2      | Reached XP level 3. HP: 29/29 MP: 3/3
   452 | D:2      | XOM: summons friendly white imp
   586 | D:2      | XOM: scenery: 1 doors open
   602 | D:2      | Reached XP level 4. HP: 37/37 MP: 4/4
   662 | D:2      | Found a shadowy altar of Dithmenos.
   674 | D:2      | Found a faded altar of an unknown god.
   762 | D:2      | XOM: 2-stop teleportation journey
   941 | D:2      | XOM: confusion
   957 | D:2      | Killed Robin
  1089 | D:2      | Fell from the grace of Xom
  1089 | D:2      | Became a worshipper of Ru the Awakened
  1368 | D:2      | Reached skill level 6 in Polearms
  1434 | D:2      | XOM: give mutations
  1434 | D:2      | Gained mutation: Armour fits poorly on your strangely
                  | shaped body. [Xom's mischief]
  1434 | D:2      | Gained mutation: Scrolls take you a little longer to read.
                  | [Xom's mischief]
  1434 | D:2      | Gained mutation: Your body sometimes deteriorates upon
                  | taking damage. [Xom's mischief]
  1434 | D:2      | Gained mutation: Your body often deteriorates upon taking
                  | damage. [Xom's mischief]
  1765 | D:3      | Reached XP level 5. HP: 39/42 MP: 5/5
  2700 | D:3      | XOM: summons 4 hostile demons
  2701 | D:3      | Noticed a hellwing
  2979 | D:3      | Noticed Grinder
  2987 | D:3      | Paralysed by Grinder for 7 turns
  3002 | D:3      | Noticed Natasha
  3007 | D:3      | Killed Grinder
  3007 | D:3      | Reached skill level 7 in Polearms
  3007 | D:3      | Reached XP level 6. HP: 13/49 MP: 6/6
  3019 | D:3      | Killed Natasha
  3019 | D:3      | Reached XP level 7. HP: 7/55 MP: 7/7
  3055 | D:3      | XOM: summons 2 hostile shadow creatures
  3070 | D:3      | Noticed Ijyb
  3091 | D:3      | Killed from afar by Ijyb

Illustrated notes

Levels and vault maps discovered:
D:1:      saegor_arrival_under_anarchy, layout_loops_ring, nrook_uturn
D:2:      layout_basic, chequers_ecumenical_altar_simple, serial_park_tiny_pond,
          grunt_dithmenos_smoke, uniq_robin
D:3:      layout_loops_ring, chequers_temple_overflow_statue_of_worship,
          uniq_grinder, uniq_natasha, uniq_ijyb

Skill      XL: |  1  2  3  4  5 |
---------------+----------------+-----
Polearms       | 5 6 7 |  7.7
Armour         | 1 2 |  2.2
Dodging        | 3 4 |  4.7
Fighting       | 4 |  4.7

Action                   |  1- 3 |  4- 6 |  7- 9 || total
-------------------------+-------+-------+-------++-------
Melee: Spear             |    63 |   203 |    16 ||   282
Invok: Reject Sacrifices |       |     1 |       ||     1
  Use: Potion            |       |     4 |       ||     4
 Stab: Sleeping          |     1 |     1 |       ||     2
       Paralysed         |       |     2 |       ||     2
       Confused          |       |     1 |       ||     1
Armor: Leather armour    |    13 |    20 |     6 ||    39
Dodge: Dodged            |    42 |    62 |     9 ||   113
Block: Other             |       |     6 |     4 ||    10

Table legend: (Time is in decaauts)
 A = Elapsed time spent in this place.
 B = Non-inter-level travel time spent in this place.
 C = Inter-level travel time spent in this place.
 D = Time resting spent in this place.
 E = Time spent auto-exploring this place.
 F = Levels seen in this place.
 G = Mean time per level.
                   A        B        C        D        E       F      G
               +--------+--------+--------+--------+--------+-----+--------+
         Total |   3018 |   2802 |    216 |    474 |   1737 |   3 | 1006.0 |
       Dungeon |   3018 |   2802 |    216 |    474 |   1737 |   3 | 1006.0 |
               +--------+--------+--------+--------+--------+-----+--------+

Top non-repeatable levels by time:
     D:2: 2042 daAuts
     D:3: 751 daAuts
     D:1: 225 daAuts
